 Dungeon Crawl Stone Soup version 0.17-a0-377-gdd46233 (webtiles) character file.

692 McCoppin the Covert (level 7, -5/46 HPs)
             Began as an Octopode Chaos Knight on Apr 1, 2015.
             Slipped on a banana peel
             ... caused by a quasit
             ... on level 7 of the Dungeon.
             The game lasted 00:14:13 (3562 turns).

McCoppin the Covert (Octopode Chaos Knight)         Turns: 3562, Time: 00:14:13

Health: -5/46      AC:  1    Str: 16    XL:     7   Next: 63%
Magic:  0/7        EV:  2    Int: 14    God:    Xom [*.....]
Gold:   174        SH:  0    Dex: -3 (12) Spells: 0 memorised, 6 levels left

rFire  . . .     SeeInvis .       - Unarmed
rCold  . . .     Clarity  .     n - +0 large shield
rNeg   . . .     SustAb   .     (helmet restricted)
rPois  .         Gourm    .     a - amulet of guardian spirit (curse)
rElec  .         Spirit   +     g - +3 ring of strength
rCorr  .         Warding  .     (no ring)
rMut   .         Stasis   .     (no ring)
MR     .....                    (no ring)
Stlth  ..........               (no ring)
                                (no ring)
                                (no ring)
                                (no ring)

@: very slightly contaminated, hasted, lost dexterity, very slow, not resistant
to hostile enchantments, extremely unstealthy
A: almost no armour, amphibious, 8 rings, constrict 8, camouflage 1, gelatinous
body 1
a: Renounce Religion


You were on level 7 of the Dungeon.
You worshipped Xom.
You were a special plaything of Xom.
You were not hungry.

You visited 1 branch of the dungeon, and saw 5 of its levels.
You also visited: Sewer.

You collected 174 gold pieces.

Inventory:

Missiles
 r - 7 poisoned needles
Armour
 n - a +0 large shield (worn)
Jewellery
 a - a cursed amulet of guardian spirit (around mantle)
 g - a +3 ring of strength (left tentacle)
Scrolls
 i - a scroll of enchant weapon {unknown}
 j - a scroll of amnesia {unknown}
 l - a scroll of magic mapping
 p - a scroll of recharging {unknown}
 q - 3 scrolls of remove curse
Potions
 b - a potion of cancellation
 d - 2 potions of resistance {unknown}
 e - a potion of ambrosia {unknown}
 h - a potion of brilliance {unknown}
 k - a potion of haste
 o - a potion of agility {unknown}
 s - 2 potions of degeneration
Books
 t - a book of Frost

   Spells                             Type                      Level
   a - Freeze                         Ice                          1
   b - Throw Frost                    Conjuration/Ice              2
   c - Ozocubu's Armour               Charms/Ice                   3
   d - Throw Icicle                   Conjuration/Ice              4
   e - Summon Ice Beast               Ice/Summoning                4
   f - Condensation Shield            Ice                          4
Comestibles
 c - 4 meat rations
 f - 3 fruits
 m - a slice of pizza
 u - a bread ration
 v - 2 chunks of flesh


   Skills:
 - Level 3.0 Fighting
 - Level 2.3 Dodging
 + Level 8.0 Stealth
 + Level 6.5 Unarmed Combat


You had 6 spell levels left.
You didn't know any spells.

Dungeon Overview and Level Annotations

Branches:
Dungeon (7/15)
 Temple: D:4-7

Altars:
Ru
Xom

Annotations:
D:2 Natasha


Innate Abilities, Weirdness & Mutations

You cannot wear most types of armour.
You are amphibious.
You can wear up to eight rings at the same time.
You can use your tentacles to constrict eight enemies at once.
Your skin changes colour to match your surroundings (Stealth).
Your rubbery body absorbs attacks (AC +1).


Message History

* * * LOW HITPOINT WARNING * * *
You feel clumsy.
You convulse from lack of dexterity!
* * * LOW HITPOINT WARNING * * *
The quasit claws you but does no damage.
The quasit bites you but does no damage.
The quasit claws you.
* * * LOW HITPOINT WARNING * * *
The quasit claws you.
* * * LOW HITPOINT WARNING * * *
The quasit bites you.
* * * LOW HITPOINT WARNING * * *
The quasit barely misses you.
The quasit claws you but does no damage.
You can move again.
The quasit bites you.
You feel clumsy.
You convulse from lack of dexterity!
You die...
Xom thinks this is hilarious!

#.#..# #.#..#
#.#..##
##.#>.?#
#####....#.#
##...#....#.#
#.......ยง...#
).........5.#
..........@.#
............#
#...........#
##...##...#.#
#### #####.#
.. #.# .# ..


You could see a quasit.

Vanquished Creatures
  Grinder (D:3)
  Purgy (Sewer)
  4 crimson imps (D:3)
  Jessica (D:2)
  Natasha (twice) (D:2)
  9 adders
  3 giant mites
  2 river rats (D:3)
  A white imp (D:2)
  2 worms (D:3)
  6 orcs (D:3)
  A ball python (D:3)
  13 bats
  9 giant cockroaches
  10 hobgoblins
  7 jackals
  An ooze (D:1)
  A quokka (D:4)
  4 giant geckos
  3 giant newts
  8 goblins
  13 kobolds
  8 rats
110 creatures vanquished.

Vanquished Creatures (collateral kills)
  A quasit (D:3)
  A rat (D:3)
2 creatures vanquished.

Grand Total: 112 creatures vanquished

Notes
Turn   | Place    | Note
--------------------------------------------------------------
     0 | D:1      | McCoppin, the Octopode Chaos Knight, began the quest for the Orb.
     0 | D:1      | Reached XP level 1. HP: 16/16 MP: 1/1
    55 | D:1      | XOM: divination: detect items
    75 | D:1      | Reached skill level 1 in Stealth
   309 | D:1      | Reached XP level 2. HP: 21/21 MP: 2/2
   404 | D:1      | XOM: harmless Hex miscast
   577 | D:1      | Reached XP level 3. HP: 17/26 MP: 3/3
   983 | D:2      | Noticed Jessica
   996 | D:2      | Killed Jessica
   996 | D:2      | Reached XP level 4. HP: 31/31 MP: 4/4
  1094 | D:2      | Reached skill level 4 in Stealth
  1101 | D:2      | XOM: divination: detect items
  1102 | D:2      | XOM: silly message
  1296 | D:2      | Noticed Natasha
  1301 | D:2      | Killed Natasha
  1301 | D:2      | Reached XP level 5. HP: 15/36 MP: 5/5
  1340 | D:2      | XOM: harmless Fire miscast
  1504 | D:2      | Found a sacrificial altar of Ru.
  1598 | D:2      | Noticed Natasha
  1610 | D:2      | Killed Natasha
  1697 | D:2      | Noticed Natasha
  1801 | D:2      | XOM is BORED!
  1801 | D:2      | XOM: noise
  2058 | D:2      | Reached skill level 5 in Stealth
  2308 | D:3      | Noticed Grinder
  2400 | D:3      | XOM is BORED!
  2400 | D:3      | XOM: harmless Chrm miscast
  2432 | D:3      | Found a glowing drain.
  2454 | D:3      | Reached skill level 5 in Unarmed Combat
  2548 | Sewer    | Entered a sewer
  2555 | Sewer    | Noticed Purgy
  2578 | Sewer    | Killed Purgy
  2578 | Sewer    | Reached skill level 6 in Stealth
  2578 | Sewer    | Reached XP level 6. HP: 25/42 MP: 6/6
  2740 | D:3      | XOM is BORED!
  2740 | D:3      | XOM: harmless Hex miscast
  2902 | D:3      | Found a shimmering altar of Xom.
  2954 | D:3      | Reached skill level 7 in Stealth
  2954 | D:3      | Reached XP level 7. HP: 38/46 MP: 7/7
  3063 | D:3      | XOM: divination: detect creatures
  3102 | D:3      | Paralysed by Grinder for 7 turns
  3103 | D:3      | XOM: summons friendly shadow imp
  3106 | D:3      | XOM: confuse monster(s)
  3107 | D:3      | XOM: confuse monster(s)
  3113 | D:3      | Killed Grinder
  3113 | D:3      | Reached skill level 8 in Stealth
  3141 | D:3      | XOM: summons 1 hostile demon
  3537 | D:4      | You fall through a shaft for 3 floors!
  3550 | D:7      | XOM: chaos cloud
  3557 | D:7      | Lost dexterity.
  3560 | D:7      | HP: 1/46 [quasit (2)]
  3562 | D:7      | Slipped on a banana peel ... caused by a quasit

Action                   |  1- 3 |  4- 6 |  7- 9 || total
-------------------------+-------+-------+-------++-------
Melee: Unarmed           |    71 |   179 |    61 ||   311
  Use: Potion            |       |     5 |       ||     5
       Scroll            |       |     5 |       ||     5
 Stab: Sleeping          |     5 |    20 |     3 ||    28
       Distracted        |       |     1 |       ||     1
       Confused          |       |       |     2 ||     2
  Eat: Chunk             |       |     3 |     1 ||     4
       Bread ration      |       |     1 |     1 ||     2
